 Dungeon Crawl Stone Soup version 0.31-a0-986-g5e6e4ef867 (webtiles) character file.

Game seed: 11897591107331284799

9 CowFu the Shield-Bearer (level 2, -1/26 HPs)
             Began as a Minotaur Fighter on Nov 6, 2023.
             Succumbed to a goblin's poison
             ... on level 1 of the Dungeon.
             The game lasted 00:00:15 (222 turns).

CowFu the Shield-Bearer (Minotaur Fighter)           Turns: 222, Time: 00:00:16

Health: -1/26      AC:  6    Str: 20    XL:     2   Next: 3%
Magic:  1/1        EV:  9    Int:  5    God:
Gold:   0          SH:  4    Dex:  9    Spells: 1/1 levels left

rFire   + . .        a - +0 flail
rCold   + . .        c - +0 buckler
rNeg    . . .        b - +0 scale mail
rPois   +            (helmet restricted)
rElec   +            (no cloak)
rCorr   +            (no gloves)
SInv    .            (no boots)
Will    .....        (no amulet) Stlth
                     (no ring)
HPRegen 0.24/turn    (no ring)
MPRegen 0.07/turn

%: no passive effects
@: lethally poisoned (-1 -> -6), resistant
A: horns 2, retaliatory headbutt
a: no special abilities


You were on level 1 of the Dungeon.
You visited 1 branch of the dungeon, and saw 1 of its levels.

Inventory:

Hand Weapons
 a - a +0 flail (weapon)
Armour
 b - a +0 scale mail (worn)
 c - a +0 buckler (worn)
Potions
 d - a potion of might


   Skills:
 - Level 3.6 Fighting
 + Level 3.4 Maces & Flails
 - Level 3.6 Armour
 - Level 3.6 Shields


You had one spell level left.
You didn't know any spells.
Your spell library was empty.

Dungeon Overview and Level Annotations

Branches:
Dungeon (1/15)

Altars:


Innate Abilities, Weirdness & Mutations

You have a pair of horns on your head.
You reflexively headbutt those who attack you in melee.


Message History

The ball python constricts you.
There are monsters nearby!
You closely miss the ball python. You block the bat's attack.
You block the ball python's attack. The ball python constricts you.
The bat hits you but does no damage.
An endoplasm comes into view.
The ball python barely misses you. The ball python constricts you.
There are monsters nearby!
You barely miss the ball python. You headbutt the ball python.
You kill the ball python!
The bat hits you.
The goblin hits you with a +2 dagger of venom.
You are poisoned.
A rat comes into view.
The goblin hits you but does no damage.
You are lethally poisoned!
There is a lethal amount of poison in your body!
You closely miss the goblin.
You feel very sick. The bat hits you but does no damage.
You block the goblin's attack.
There is a lethal amount of poison in your body!
You hit the goblin.
You kill the goblin!
* * * LOW HITPOINT WARNING * * *
You feel very sick. The bat hits you but does no damage.
You have reached level 2!
* * * LOW HITPOINT WARNING * * *
You feel very sick.
It was a potion of resistance.
You feel protected.
* * * LOW HITPOINT WARNING * * *
You feel sick. The bat hits you but does no damage. The bat closely misses you.
You closely miss the bat.
* * * LOW HITPOINT WARNING * * *
You feel sick. The bat hits you but does no damage. The bat closely misses you.
You furiously retaliate!
You headbutt the bat. You hit the bat.
You kill the bat!
You die...

.#.........
.........
........ #
......##.#
#.......
#.....###.
#)Jr...... #.#
#@# #.#
#.########..
#.#.|.......
#.####.#.##.###.#
..........##.#
.....###..##.#
##.# #..##.# #
#..##.###.#


You could see an endoplasm and a rat.

Vanquished Creatures
  3 jackals (D:1)
  A kobold (D:1)
  A ball python (D:1)
  2 bats (D:1)
  2 goblins (D:1)
9 creatures vanquished.

Notes
Turn   | Place    | Note
-------+----------+-------------------------------------------
     0 | D:1      | CowFu the Minotaur Fighter began the quest for the Orb.
     0 | D:1      | Reached XP level 1. HP: 19/19 MP: 0/0
   219 | D:1      | Reached XP level 2. HP: 7/26 MP: 1/1
   221 | D:1      | HP: 1/26 [poisoned by a goblin]
   222 | D:1      | Succumbed to a goblin's poison

Illustrated notes

Levels and vault maps discovered:
D:1:      nagdon_arrival_zigzag_paths, layout_loops_ring, minmay_bisected

Skill      XL: |  1 |
---------------+----+-----
Maces & Flails | 3 |  3.4
Fighting       | |  3.6
Armour         | |  3.6
Shields        | |  3.6

Action                     || total
---------------------------++-------
  Melee: Flail             ||    18
         Headbutt          ||     3
    Use: Potion            ||     1
 Armour: Scale mail        ||    19
  Dodge: Dodged            ||     9
  Block: Buckler           ||     4

Table legend: (Time is in decaauts)
 A = Elapsed time spent in this place.
 B = Non-inter-level travel time spent in this place.
 C = Inter-level travel time spent in this place.
 D = Time resting spent in this place.
 E = Time spent auto-exploring this place.
 F = Levels seen in this place.
 G = Mean time per level.
                   A        B        C        D        E       F      G
               +--------+--------+--------+--------+--------+-----+--------+
         Total |    226 |    226 |      0 |      0 |    186 |   1 |  226.0 |
       Dungeon |    226 |    226 |      0 |      0 |    186 |   1 |  226.0 |
               +--------+--------+--------+--------+--------+-----+--------+

Top non-repeatable levels by time:
     D:1: 226 daAuts
